 Dungeon Crawl Stone Soup version 0.30-a0-462-gd5975efbca (webtiles) character file.

Game seed: 3662298641748910927

161 Ijustatesigmund the Firebug (level 5, 0/45 HPs)
             Began as a Hill Orc Fire Elementalist on Dec 16, 2022.
             Slain by an orc
             ... wielding a +0 dagger
              (1 damage)
             ... on level 4 of the Dungeon.
             The game lasted 00:04:11 (3216 turns).

Ijustatesigmund the Firebug (HOFE)                  Turns: 3216, Time: 00:04:11

Health: 0/45       AC:  2    Str: 11    XL:     5   Next: 42%
Magic:  0/7        EV: 12    Int: 17    God:
Gold:   112        SH:  0    Dex: 11    Spells: 0/7 levels left

rFire   . . .      SeeInvis .    l - +3 short sword
rCold   + . .      Faith    .    (no shield)
rNeg    . . .      Spirit   .    a - +0 robe
rPois   .          Reflect  .    (no helmet)
rElec   .          Harm     .    (no cloak)
rCorr   .          Rampage  .    (no gloves)
Will    .....                    (no boots)
Stlth   ++........               (no amulet)
HPRegen 0.27/turn                m - ring of protection from cold
MPRegen 0.10/turn                (no ring)

@: no status effects
A: no striking features
a: no special abilities


You were on level 4 of the Dungeon.
You visited 1 branch of the dungeon, and saw 4 of its levels.

You collected 112 gold pieces.

Inventory:

Hand Weapons
 i - a +0 whip
 l - a +3 short sword (weapon)
Missiles
 r - a throwing net
Armour
 a - a +0 robe (worn)
Jewellery
 m - a ring of protection from cold (left hand)
Scrolls
 c - a scroll of torment {unknown}
 d - a scroll of immolation {unknown}
 e - 5 scrolls of identify {unknown}
 f - 3 scrolls of teleportation {unknown}
 g - 2 scrolls of magic mapping {unknown}
 h - a scroll of vulnerability {unknown}
 j - 2 scrolls of blinking {unknown}
 k - 3 scrolls of enchant weapon {unknown}
Potions
 b - a potion of magic
 n - a potion of attraction {unknown}
 o - 2 potions of haste {unknown}
 p - 2 potions of curing {unknown}
 q - a potion of flight {unknown}


   Skills:
 + Level 3.2 Fighting
 - Level 1.5 Dodging
 - Level 1.5 Stealth
 - Level 1.5 Spellcasting
 + Level 2.9 Conjurations
 + Level 4.6 Fire Magic


You couldn't memorise any spells.
You knew the following spells:

 Your Spells              Type           Power      Damage    Failure   Level
a - Foxfire               Conj/Fire      56%        2x1d6     4%          1
b - Scorch                Fire           32%        2d7       4%          2
c - Sticky Flame          Conj/Fire      14%        2d4       38%         4

Your spell library contained the following spells:

 Spells                   Type           Power      Damage    Failure   Level
 Static Discharge         Conj/Air       12%        2-3/arc   17%         2
 Inner Flame              Hex/Fire       9%         N/A       24%         3
 Kindle Blastsparks       Fire/Tloc/Air  12%        2d11      32%         3
 Flame Wave               Conj/Fire      14%        2d6       38%         4
 Gell's Gravitas          Tloc           1%         N/A       52%         3
 Lesser Beckoning         Tloc           2%         N/A       52%         3
 Teleport Other           Tloc           1%         N/A       52%         3
 Vhi's Electric Charge    Tloc/Air       2%         N/A       52%         3
 Arcjolt                  Conj/Air       3%         1d13      97%         5
 Lightning Bolt           Conj/Air       3%         1d14      97%         5
 Conjure Ball Lightning   Conj/Air       3%         3x3d6     100%        6
 Discord                  Hex            0%         N/A       100%        8
 Disjunction              Tloc           0%         N/A       100%        8


Dungeon Overview and Level Annotations

Branches:
Dungeon (4/15)
 Temple: D:4-7

Altars:
Uskayaw

Annotations:
D:2 1 runed translucent door, Crazy Yiuf


Message History

The orc is moderately wounded.
The orc closely misses you.
Your magical contamination has completely faded away.
You hit the orc but do no damage.
The orc is moderately wounded.
The orc barely misses you.
You closely miss the orc.
The orc is moderately wounded.
The orc barely misses you.
You hit the orc but do no damage.
The orc is moderately wounded.
The orc barely misses you.
You hit the orc but do no damage.
The orc is moderately wounded.
The orc barely misses you.
You hit the orc.
The orc is heavily wounded.
The orc hits you with a +0 dagger.
* * * LOW HITPOINT WARNING * * *
You completely miss the orc.
The orc is heavily wounded.
The orc misses you.
You hit the orc but do no damage.
The orc is heavily wounded.
The orc hits you with a +0 dagger.
* * * LOW HITPOINT WARNING * * *
You hit the orc.
The orc is almost dead.
The orc hits you with a +0 dagger.
* * * LOW HITPOINT WARNING * * *
Casting: Foxfire (safe; 4% risk of failure)
Confirm with . or Enter, or press ? or * to list all spells.
You conjure some foxfire!
The orc hits you with a +0 dagger.
* * * LOW HITPOINT WARNING * * *
The foxfire hits the orc but does no damage.
The orc is almost dead.
The foxfire hits the orc but does no damage.
The orc is almost dead.
The orc hits you with a +0 dagger.
You die...

.$.......#
.........# #
.....?.....#
.........#.
.......... ####
.........#.....
......§)o...#..
......§@).....#
.#.##.#####.###
.. ... #.. #. #


You could see an orc.

Vanquished Creatures
  Jessica (D:2)
  An orc wizard (D:4)
  A gnoll (D:1)
  3 adders
  2 worms (D:2)
  A dart slug (D:2)
  3 orcs (D:4)
  5 endoplasms
  A giant cockroach (D:2)
  5 goblins
  3 hobgoblins
  8 jackals
  7 quokkas
  6 ball pythons
  5 bats
  4 frilled lizards
  2 kobolds (D:2)
  3 rats
61 creatures vanquished.

Vanquished Creatures (others)
  109 foxfires
  A plant (D:3)
110 creatures vanquished.

Grand Total: 171 creatures vanquished

Notes
Turn   | Place    | Note
-------+----------+-------------------------------------------
     0 | D:1      | Ijustatesigmund the Hill Orc Fire Elementalist began the
                  | quest for the Orb.
     0 | D:1      | Reached XP level 1. HP: 14/14 MP: 3/3
   392 | D:1      | Reached XP level 2. HP: 22/22 MP: 2/4
   431 | D:1      | Reached skill level 1 in Fighting
   436 | D:1      | Learned a level 2 spell: Scorch
   444 | D:1      | Found a faded altar of an unknown god.
   444 | D:1      | Noticed a ynoxinul
  1077 | D:1      | Reached XP level 3. HP: 28/28 MP: 1/5
  1861 | D:2      | Noticed Jessica
  1880 | D:2      | Reached skill level 4 in Fire Magic
  1882 | D:2      | Killed Jessica
  1883 | D:2      | Reached XP level 4. HP: 27/37 MP: 0/6
  2101 | D:2      | Found a runed translucent door.
  2102 | D:2      | Noticed Crazy Yiuf
  2466 | D:3      | Found a faded altar of an unknown god.
  2470 | D:3      | Found a hide-covered altar of Uskayaw.
  2666 | D:3      | Reached XP level 5. HP: 44/44 MP: 1/7
  2671 | D:3      | Learned a level 4 spell: Sticky Flame
  3215 | D:4      | HP: 1/45 [orc/+0 dagger (3)]
  3216 | D:4      | Slain by an orc

Illustrated notes

Levels and vault maps discovered:
D:1:      lemuel_arrival_rhombus, layout_loops_corners,
          dreamdust_ecumenical_altar_sealed_demon
D:2:      layout_basic, uniq_crazy_yiuf_cottage, uniq_jessica
D:3:      minmay_door_path, layout_basic, nicolae_overflow_ecumenical_swirl,
          kennysheep_cross_room, minmay_shallow_snake_nest
D:4:      layout_rooms, st_stairs_14, uniq_blork_the_orc, uniq_sigmund

Skill      XL: |  1  2  3  4  5 |
---------------+----------------+-----
Fighting       | 1 2 3 |  3.2
Conjurations   | 2 |  2.9
Fire Magic     | 4 |  4.6
Dodging        | |  1.5
Stealth        | |  1.5
Spellcasting   | |  1.5

Action                   |  1- 3 |  4- 6 || total
-------------------------+-------+-------++-------
Melee: Unarmed           |    23 |       ||    23
       Punch             |     1 |       ||     1
       Short sword       |    16 |    54 ||    70
       Whip              |    14 |       ||    14
 Cast: Foxfire           |    52 |    20 ||    72
       Scorch            |     4 |     3 ||     7
 Stab: Sleeping          |       |     1 ||     1
Armor: Robe              |    16 |    11 ||    27
Dodge: Dodged            |    60 |    42 ||   102

Table legend: (Time is in decaauts)
 A = Elapsed time spent in this place.
 B = Non-inter-level travel time spent in this place.
 C = Inter-level travel time spent in this place.
 D = Time resting spent in this place.
 E = Time spent auto-exploring this place.
 F = Levels seen in this place.
 G = Mean time per level.
                   A        B        C        D        E       F      G
               +--------+--------+--------+--------+--------+-----+--------+
         Total |   3215 |   3138 |     77 |    256 |   2461 |   4 |  803.8 |
       Dungeon |   3215 |   3138 |     77 |    256 |   2461 |   4 |  803.8 |
               +--------+--------+--------+--------+--------+-----+--------+

Top non-repeatable levels by time:
     D:1: 1253 daAuts
     D:3: 982 daAuts
     D:2: 950 daAuts
     D:4: 28 daAuts
